Map: Persephone LE

Players

ShoWTimE - Winner!

  • Race: Protoss Protoss
  • League: Grandmaster
  • Spawn Location: 11:00

Zoun

  • Race: Protoss Protoss
  • League: Master
  • Spawn Location: 7:00

Event: HomeStory Cup XXVII

VOD

Have the link to the VOD?

Description

Time

  • Played on: June 29, 2025, 1:03 p.m.
  • Length: 10:49

All games in this series

Show
View Real Time Build Order
Export as new Build Order

ShoWTimE Protoss - Winner!

Build Orders: Phoenix Opening 

Get SALT Encoding   

  12  0:00  Probe  
  13  0:12  Probe  
  14  0:17  Pylon  
  14  0:24  Probe  
  15  0:32  Probe  
  15  0:37  Gateway  
  15  0:40  Probe  
  16  0:46  Assimilator  
  17  0:50  Probe  
  18  0:59  Probe  
  18  1:04  Assimilator  
  19  1:07  Probe  
  19  1:10  Gateway  
  19  1:17  Probe  
  20  1:24  Cybernetics Core  
  21  1:30  Probe  
  22  1:36  Pylon  
  22  1:42  Probe  
  23  1:54  Probe  
  23  1:58  Stalker  
  23  2:01  Warp Gate  
  26  2:05  Sentry  
  26  2:06  Probe  
  29  2:09  Pylon  
  29  2:26  Pylon  
  31  2:33  Sentry  
  31  2:36  Phoenix  
  31  2:41  Nexus  
  31  2:45  Probe  
  32  2:54  Robotics Facility  
  32  3:00  Sentry  
  32  3:03  Probe  
  35  3:09  Pylon, Stalker  
  37  3:15  Probe  
  38  3:25  Probe  
  38  3:29  Warp Prism  
  38  3:33  Probe  
  42  3:42  Probe  
  43  3:49  Sentry, Stalker  
  43  3:54  Probe x2  
  49  3:59  Observer  
  49  4:06  Probe x2  
  52  4:18  Probe x2, Twilight Council  
  52  4:21  Immortal  
  52  4:23  Assimilator  
  54  4:30  Probe  
  54  4:31  Probe  
  60  4:42  Probe  
  60  4:43  Pylon, Probe  
  62  4:50  Pylon  
  62  4:55  Immortal  
  62  5:01  Resonating Glaives, Probe  
  62  5:02  Nexus  
  67  5:09  Shield Battery  
  67  5:11  Probe  
  68  5:20  Gateway  
  68  5:23  Gateway  
  68  5:26  Probe x2  
  68  5:27  Immortal  
  70  5:32  Gateway  
  74  5:43  Probe x2  
  74  5:47  Gateway  
  76  5:53  Gateway  
  76  5:55  Gateway  
  76  5:58  Probe  
  76  5:59  Probe  
  76  6:04  Pylon  
  78  6:16  Adept x3  
  84  6:22  Pylon  
  88  6:28  Pylon  
  88  6:32  Warp Prism  
  88  6:38  Adept x5  
  96  6:41  Adept  
  98  6:51  Adept x2  
  100  6:58  Pylon  
  100  7:18  Adept x4  
  100  7:19  Adept x3  
  107  7:33  Phoenix  
  87  7:39  Nexus  
  74  8:04  Shield Battery  
  74  8:05  Shield Battery  
  74  8:06  Pylon  
  72  9:30  Gateway  
  72  9:42  Pylon  
  72  9:43  Pylon  
  72  10:05  Pylon  
Show
View Real Time Build Order
Export as new Build Order

Zoun Protoss 

Build Orders: Phoenix Opening, Blink Stalkers 

Get SALT Encoding   

  12  0:00  Probe  
  13  0:12  Probe  
  14  0:17  Pylon  
  14  0:23  Probe  
  15  0:31  Probe  
  15  0:36  Gateway  
  15  0:39  Probe  
  16  0:45  Assimilator  
  17  0:50  Probe  
  17  0:54  Assimilator  
  18  0:59  Probe  
  19  1:07  Gateway, Probe  
  20  1:17  Probe  
  20  1:25  Cybernetics Core  
  21  1:29  Probe  
  22  1:35  Pylon  
  22  1:41  Probe  
  23  1:53  Probe  
  24  1:58  Stalker  
  24  2:01  Sentry  
  24  2:02  Warp Gate  
  24  2:05  Probe  
  29  2:11  Pylon  
  29  2:29  Sentry  
  29  2:31  Phoenix  
  31  2:38  Nexus  
  31  2:40  Sentry  
  33  2:47  Shield Battery  
  33  2:50  Probe  
  34  3:01  Probe  
  34  3:04  Twilight Council  
  34  3:05  Blink  
  35  3:09  Probe  
  35  3:13  Pylon  
  35  3:17  Probe  
  37  3:28  Probe  
  38  3:40  Probe  
  39  3:50  Probe  
  39  3:51  Stalker x2  
  39  3:52  Probe  
  45  4:03  Probe  
  45  4:04  Gateway, Probe  
  47  4:15  Probe, Stalker x2  
  52  4:24  Probe  
  52  4:26  Pylon  
  53  4:32  Probe  
  53  4:38  Stalker x2  
  56  4:40  Probe  
  56  4:45  Probe  
  60  4:52  Probe  
  61  4:57  Probe  
  61  4:59  Stalker  
  64  5:01  Nexus  
  64  5:05  Pylon  
  64  5:08  Stalker, Charge  
  64  5:10  Probe  
  64  5:12  Probe  
  68  5:19  Forge  
  68  5:22  Probe  
  68  5:24  Probe  
  70  5:28  Stalker  
  70  5:30  Stalker  
  70  5:34  Assimilator  
  74  5:36  Pylon  
  74  5:47  Gateway  
  74  5:48  Probe x2  
  74  5:49  Gateway  
  76  5:57  Gateway  
  76  6:02  Probe x2  
  76  6:03  Robotics Facility  
  78  6:11  Probe  
  78  6:12  Phoenix  
  78  6:15  Gateway, Probe  
  79  6:21  Probe x2  
  79  6:23  Gateway  
  82  6:32  Probe  
  83  6:36  Probe  
  84  6:43  Stalker, Zealot x4  
  94  6:52  Stalker  
  96  6:54  Pylon  
  96  6:55  Pylon  
  96  7:04  Stalker x2  
  100  7:12  Zealot  
  100  7:13  Zealot x3  
  108  7:21  Stalker x2  
  94  7:31  Stalker  
  94  7:35  Nexus  
  81  7:37  Pylon  
  79  7:53  Probe  
  79  7:58  Photon Cannon  
  60  7:59  Shield Battery  
  60  8:02  Shield Battery  
  60  8:04  Shield Battery  
  60  8:05  Probe  
  39  10:13  Pylon  
  39  10:15  Pylon  
Tags
 
Add a new tag
Caveats
  • Supply blocks, unpowered buildings, or Contaminate may cause inaccurate times.
  • Supply counts are checked every 10 seconds.